 Dungeon Crawl Stone Soup version 0.17.1-1-g73c8601 (console) character file.

9509 Cab the Artisan of Death (level 11, -3/81 HPs)
             Began as a Deep Dwarf Necromancer on Dec 21, 2015.
             Was a Priest of Kikubaaqudgha.
             Slain by Maud
             ... wielding a +4 vampiric double sword
              (22 damage)
             ... on level 3 of the Lair of Beasts.
             The game lasted 01:37:33 (13460 turns).

Cab the Artisan of Death (Deep Dwarf Necromancer)  Turns: 13460, Time: 01:37:33

Health: -3/81      AC:  9    Str: 13    XL:     11   Next: 24%
Magic:  3/24       EV: 13    Int: 22    God:    Kikubaaqudgha [***...]
Gold:   458        SH:  8    Dex: 16    Spells: 6 memorised, 4 levels left

rFire  . . .     SeeInvis .     K - +9 mace of Hetakufa {elec, rElec MR++}
rCold  . . .     Clarity  .     E - +4 robe of Infinity {rElec Int+4 Dex+3}
rNeg   . . .     SustAt   +     w - +3 buckler
rPois  .         Gourm    .     (no helmet)
rElec  +         Spirit   .     v - +2 cloak
rCorr  .         Warding  .     (no gloves)
rMut   .         Stasis   .     (no boots)
MR     +++..                    (no amulet)
Stlth  ++........               I - ring of sustain attributes
                                p - ring of wizardry

@: non-regenerating, extremely resistant to hostile enchantments, unstealthy
A: damage resistance, recharge devices, sense surroundings 2, slow regeneration
3
a: Device Recharging, Receive Corpses, Renounce Religion


You were on level 3 of the Lair of Beasts.
You worshipped Kikubaaqudgha.
Kikubaaqudgha was most pleased with you.
You were not hungry.

You visited 3 branches of the dungeon, and saw 14 of its levels.

You collected 628 gold pieces.
You spent 170 gold pieces at shops.

Inventory:

Hand Weapons
 j - a +3 hand axe
 K - the +9 mace of Hetakufa (weapon) {elec, rElec MR++}
   (You took it off an orc on level 9 of the Dungeon)

   Occasionally, upon striking a foe, it will discharge some electrical energy
   and cause terrible harm.
   It insulates you from electricity.
   It affects your resistance to hostile enchantments.
Armour
 v - a +2 cloak (worn)
 w - a +3 buckler (worn)
 z - a +0 chain mail
 E - the +4 robe of Infinity (worn) {rElec Int+4 Dex+3}
   (You found it on level 7 of the Dungeon)

   It affects your intelligence (+4).
   It affects your dexterity (+3).
   It insulates you from electricity.
Jewellery
 p - a ring of wizardry (left hand)
 I - a ring of sustain attributes (right hand)
Wands
 c - a wand of heal wounds (8)
 e - a wand of hasting (0)
 k - a wand of disintegration (9)
 u - a wand of flame (23)
 G - a wand of digging (15)
 J - a wand of digging (9)
Scrolls
 f - 4 scrolls of fear
 h - a scroll of fog
 m - 5 scrolls of teleportation
 q - 3 scrolls of amnesia
 x - 6 scrolls of magic mapping
 L - a scroll of recharging
Potions
 g - a potion of agility
 i - 5 potions of brilliance
 l - 2 potions of heal wounds
 o - 4 potions of curing
 s - 2 potions of flight
 B - a potion of mutation
 C - a potion of resistance {unknown}
 F - a potion of haste {unknown}
Books
 a - Kikubaaqudgha's Compendium of Evil Arts
   (Kikubaaqudgha gifted it to you on level 9 of the Dungeon)

   Spells                             Type                      Level
   a - Animate Skeleton               Necromancy                   1
   b - Corpse Rot                     Necromancy                   2
   c - Sublimation of Blood           Necromancy                   2
   d - Vampiric Draining              Necromancy                   3
   e - Control Undead                 Necromancy                   4
 b - a book of Necromancy

   Spells                             Type                      Level
   a - Pain                           Necromancy                   1
   b - Animate Skeleton               Necromancy                   1
   c - Vampiric Draining              Necromancy                   3
   d - Regeneration                   Charms/Necromancy            3
   e - Animate Dead                   Necromancy                   4
   f - Control Undead                 Necromancy                   4
 n - Kikubaaqudgha's Disquisition on Black Rituals
   (Kikubaaqudgha gifted it to you on level 2 of the Lair of Beasts)

   Spells                             Type                      Level
   a - Animate Dead                   Necromancy                   4
   b - Excruciating Wounds            Charms/Necromancy            5
   c - Agony                          Necromancy                   5
   d - Dispel Undead                  Necromancy                   5
   e - Simulacrum                     Ice/Necromancy               6
 y - a book of Annihilations

   Spells                             Type                      Level
   a - Poison Arrow                   Conjuration/Poison           6
   b - Chain Lightning                Conjuration/Air              8
   c - Lehudib's Crystal Spear        Conjuration/Earth            8
   d - Glaciate                       Conjuration/Ice              9
   e - Fire Storm                     Conjuration/Fire             9
 H - a book of Spatial Translocations

   Spells                             Type                      Level
   a - Apportation                    Translocation                1
   b - Blink                          Translocation                2
   c - Shroud of Golubria             Charms/Translocation         2
   d - Portal Projectile              Translocation                3
   e - Teleport Other                 Translocation                3
   f - Passage of Golubria            Translocation                4
Comestibles
 d - 10 bread rations
 t - 3 slices of pizza
 A - 6 beef jerkies
 D - 5 meat rations


   Skills:
 - Level 1.0 Axes
 - Level 2.1 Dodging
 - Level 2.4 Stealth
 - Level 4.0 Shields
 * Level 9.6 Spellcasting
 + Level 3.3 Conjurations
 + Level 13.6 Necromancy
 * Level 1.0 Ice Magic


You had 4 spell levels left.
You knew the following spells:

 Your Spells              Type           Power        Failure   Level  Hunger
a - Pain                  Necr           ####         1%          1    None
b - Vampiric Draining     Necr           ######....   1%          3    None
c - Control Undead        Necr           ######....   1%          4    ##.....
d - Poison Arrow          Conj/Pois      ###.......   99%         6    ######.
e - Agony                 Necr           ######..     1%          5    ####...
f - Simulacrum            Ice/Necr       #####.....   26%         6    ######.


Dungeon Overview and Level Annotations

Branches:
Dungeon (10/15)            Temple (1/1) D:4            Lair (3/8) D:9
    Orc (0/4) D:9
  Swamp: Lair:3-6    Shoals: Lair:3-6     Snake: Lair:3-6    Spider: Lair:3-6

Altars:
Ashenzari
Cheibriados
Dithmenos
Elyvilon
Fedhas
Gozag
Kikubaaqudgha
Makhleb
Nemelex Xobeh
Okawaru
Qazlal
Ru
Sif Muna
Trog
Vehumet
Xom
Yredelemnul
Zin
The Shining One

Shops:
D:4 (   D:5 =   D:8 =}*((

Annotations:
D:5 Grinder
Lair:2 Rationalist's ghost, novice DsBe
Lair:3 Maud


Innate Abilities, Weirdness & Mutations

You are resistant to damage.
You can recharge devices by infusing magical energy.
You passively map the area around you.
You do not regenerate naturally.


Message History

Maud is severely wounded.
You block Maud's attack.
You hit Maud.
There is a sudden explosion of sparks!
Maud is almost dead.
Maud barely misses you.
Casting: Vampiric Draining
Confirm with . or Enter, or press ? or * to list all spells.
You don't have enough magic to cast that spell.
Unknown command.
You hit Maud.
Maud is almost dead.
Maud hits you with a vampiric double sword!!
* * * LOW HITPOINT WARNING * * *
Maud draws strength from your injuries!
You hit Maud.
There is a sudden explosion of sparks!
Maud is almost dead.
Maud barely misses you.
Maud hits you with a vampiric double sword!!
You die...
Kikubaaqudgha rasps: "You have failed me!
Welcome... death!"

░ ░ ░ ▒▒ ▒▒ ·
▒▒∙▒▒∙▒▒▒ ░ ·
▒▒▒∙∙∙∙∙∙∙▒P ░
▒▒∙∙∙∙∙∙∙∙∙∙∙· ░ ░
∙▒ ▒∙∙∙∙∙∙∙∙∙∙∙∙ ░
·· ·░
░▒∙▒▒∙∙∙∙∙∙∙∙∙∙∙∙░
· ▒∙∙∙∙∙@∙∙∙∙∙∙∙∙░
▒∙∙∙∙∙@∙∙∙∙∙∙>∙ ░
▒▒∙∙∙∙∙∙∙∙∙∙∙∙∙∙░
··· ·
▒∙∙∙∙∙∙∙∙∙∙∙∙∙∙∙ ·
░▒∙∙∙∙∙∙∙∙∙∙∙∙∙▒∙·
· ▒▒▒▒▒▒▒∙∙∙∙∙▒▒▒
· ▒▒▒∙∙▒∙▒▒▒
▒∙▒∙▒▒▒▒ · ▒▒∙∙∙▒
· ·· ▒▒∙∙∙∙▒ ▒▒▒▒


You could see Maud.

Vanquished Creatures
  2 spiny frogs (Lair:1)
  A troll (D:9)
  2 deep elf magi (D:9)
  A human (D:7)
  9 yaks
  A hippogriff (Lair:1)
  12 wolves
  3 porcupines
  An eye of draining (D:8)
  4 ogres
  3 water moccasins
  A black bear (D:8)
  An ice beast (D:6)
  An orc warrior (D:9)
  3 sky beasts
  A phantom (D:6)
  5 centaurs
  2 crocodiles
  A big kobold (D:8)
  Blork the orc (D:6)
  8 giant frogs
  6 killer bees (D:9)
  2 wights (D:9)
  2 electric eels (D:9)
  3 crimson imps
  A giant frog zombie (D:5)
  2 centaur zombies (D:6)
  3 jellies
  A centaur skeleton (D:7)
  Crazy Yiuf (D:3)
  2 giant frog skeletons
  13 orc wizards
  4 orc priests
  Terence (D:2)
  11 hounds
  7 worker ants
  6 iguanas
  12 sheep
  2 hound zombies
  10 adders
  2 shadow imps
  An ooze (D:3)
  3 adder zombies
  2 adder skeletons
  7 worms
  8 giant geckos
  28 orcs
  9 bats
  6 giant cockroaches
  10 hobgoblins
  10 jackals
  15 kobolds
  2 giant gecko skeletons
  6 giant newts
  16 goblins
  7 quokkas
  A quokka skeleton (D:4)
  6 rats
291 creatures vanquished.

Vanquished Creatures (collateral kills)
  2 wights (D:9)
  A giant frog zombie (D:5)
3 creatures vanquished.

Vanquished Creatures (others)
  A giant cockroach (D:3)
  A quokka (D:6)
  A fungus (Lair:2)
3 creatures vanquished.

Grand Total: 297 creatures vanquished

Notes
Turn   | Place    | Note
--------------------------------------------------------------
     0 | D:1      | Cab the Deep Dwarf Necromancer began the quest for the Orb.
     0 | D:1      | Reached XP level 1. HP: 15/15 MP: 3/3
    76 | D:1      | Reached XP level 2. HP: 17/22 MP: 2/4
   213 | D:1      | Reached skill level 5 in Necromancy
   637 | D:2      | Reached XP level 3. HP: 6/28 MP: 2/6
   642 | D:2      | Learned a level 3 spell: Vampiric Draining
  1517 | D:2      | Noticed Terence
  1522 | D:2      | Killed Terence
  1522 | D:2      | Reached XP level 4. HP: 25/36 MP: 1/7
  1820 | D:2      | Found a shattered altar of Ashenzari.
  2017 | D:2      | Reached skill level 6 in Necromancy
  2257 | D:3      | Noticed Crazy Yiuf
  2264 | D:3      | Killed Crazy Yiuf
  2559 | D:3      | Reached XP level 5. HP: 35/42 MP: 5/9
  2565 | D:3      | Learned a level 4 spell: Control Undead
  2664 | D:3      | Found a stormy altar of Qazlal.
  3200 | D:4      | Found Etorawk Ikhla's Weapon Emporium.
  3292 | D:4      | Found a staircase to the Ecumenical Temple.
  3303 | Temple   | Entered the Ecumenical Temple
  3932 | D:5      | Entered Level 5 of the Dungeon
  3969 | D:5      | Reached skill level 7 in Necromancy
  4045 | D:5      | Reached XP level 6. HP: 40/49 MP: 7/10
  4046 | D:5      | Noticed a centaur
  4054 | D:5      | Killed a centaur
  4182 | D:5      | Found Siynor's Jewellery Shoppe.
  4188 | D:5      | Noticed a sky beast
  4212 | D:5      | Killed a sky beast
  4212 | D:5      | Reached skill level 1 in Shields
  4486 | D:5      | Reached XP level 7. HP: 47/55 MP: 3/12
  4554 | D:5      | Noticed an ogre
  4561 | D:5      | Killed an ogre
  4561 | D:5      | Reached skill level 8 in Necromancy
  4592 | D:5      | Learned a level 6 spell: Poison Arrow
  4605 | D:5      | Noticed a centaur
  4636 | D:5      | Killed a centaur
  4885 | D:5      | Reached skill level 1 in Conjurations
  4960 | D:5      | Noticed Grinder
  4972 | D:5      | Paralysed by Grinder for 6 turns
  4982 | D:5      | Noticed a centaur
  4983 | D:5      | Found a blossoming altar of Fedhas.
  5009 | D:5      | Killed a centaur
  5092 | D:5      | Paralysed by Grinder for 7 turns
  5171 | D:5      | Reached XP level 8. HP: 39/62 MP: 14/14
  5172 | D:5      | Noticed a sky beast
  5210 | D:5      | Killed a sky beast
  5210 | D:5      | Reached skill level 9 in Necromancy
  5365 | D:5      | Noticed a centaur
  5392 | D:5      | Killed a centaur
  5471 | D:5      | Found a sparkling altar of Nemelex Xobeh.
  5472 | D:5      | Found an opulent altar of Gozag.
  5816 | D:6      | Reached skill level 5 in Spellcasting
  5844 | D:6      | Noticed Blork the orc
  6061 | D:6      | Found a white marble altar of Elyvilon.
  6438 | D:6      | Killed Blork the orc
  6438 | D:6      | Reached skill level 10 in Necromancy
  7169 | D:7      | Gained mutation: You passively map the area around you. [Deep Dwarf growth]
  7169 | D:7      | Reached XP level 9. HP: 29/68 MP: 1/17
  7341 | D:8      | Found Leyweolu's Weapon Shop.
  7361 | D:8      | Found Nuen's Antique Weapon Boutique.
  7588 | D:7      | Got a brightly glowing robe
  7599 | D:7      | Identified the +1 robe "Ismiroet" {Dex+3} (You found it on level 7 of the Dungeon)
  7629 | D:7      | Found a radiant altar of Vehumet.
  8007 | D:7      | Got a crude robe
  8018 | D:7      | Identified the +4 robe of Infinity {rElec Int+4 Dex+3} (You found it on level 7 of the Dungeon)
  8439 | D:7      | Found a shadowy altar of Dithmenos.
  8440 | D:7      | Found a sacrificial altar of Ru.
  8444 | D:7      | Found an ancient bone altar of Kikubaaqudgha.
  8454 | D:7      | Became a worshipper of Kikubaaqudgha
  8633 | D:8      | Reached skill level 11 in Necromancy
  8782 | D:8      | Reached skill level 1 in Axes
  9312 | D:8      | Found Nyisaree's Gadget Shoppe.
  9493 | D:8      | Found Untaune's General Store.
  9496 | D:8      | Bought a fruit for 16 gold pieces
  9496 | D:8      | Bought a scroll of teleportation for 33 gold pieces
  9496 | D:8      | Bought a potion of might for 44 gold pieces
  9496 | D:8      | Bought a royal jelly for 22 gold pieces
  9496 | D:8      | Bought a potion of curing for 33 gold pieces
  9496 | D:8      | Bought a royal jelly for 22 gold pieces
  9531 | D:8      | Reached skill level 12 in Necromancy
  9534 | D:8      | Found Kugesidgh's Jewellery Boutique.
  9898 | D:9      | Reached * piety under Kikubaaqudgha
  9898 | D:9      | Received a gift from Kikubaaqudgha
  9899 | D:9      | Identified Kikubaaqudgha's Compendium of Evil Arts (Kikubaaqudgha gifted it to you on level 9 of the Dungeon)
 10015 | D:9      | Found a staircase to the Lair.
 10126 | D:9      | Reached XP level 10. HP: 38/75 MP: 1/19
 10262 | D:9      | Found a bloodstained altar of Trog.
 10307 | D:9      | Got a fine mace {elec}
 10308 | D:9      | Identified the +9 mace of Hetakufa {elec, rElec MR++} (You took it off an orc on level 9 of the Dungeon)
 10677 | D:9      | Found a staircase to the Orcish Mines.
 10724 | D:9      | Reached ** piety under Kikubaaqudgha
 10783 | D:9      | Reached skill level 13 in Necromancy
 11469 | D:10     | Entered Level 10 of the Dungeon
 11562 | Lair:1   | Entered Level 1 of the Lair of Beasts
 11868 | Lair:1   | Noticed a five-headed hydra
 12107 | Lair:2   | Noticed Rationalist's ghost (novice DsBe)
 12140 | Lair:2   | Reached XP level 11. HP: 41/81 MP: 11/24
 12323 | Lair:2   | Reached *** piety under Kikubaaqudgha
 12323 | Lair:2   | Received a gift from Kikubaaqudgha
 12324 | Lair:2   | Identified Kikubaaqudgha's Disquisition on Black Rituals (Kikubaaqudgha gifted it to you on level 2 of the Lair of Beasts)
 12336 | Lair:2   | Learned a level 5 spell: Agony
 12343 | Lair:2   | Learned a level 6 spell: Simulacrum
 13323 | Lair:3   | Reached skill level 1 in Ice Magic
 13368 | Lair:3   | Noticed Maud
 13460 | Lair:3   | Slain by Maud

Action                   |  1- 3 |  4- 6 |  7- 9 | 10-12 || total
-------------------------+-------+-------+-------+-------++-------
Melee: Short sword       |    63 |    73 |   365 |       ||   501
       Hand axe          |       |       |   272 |     9 ||   281
       Mace              |       |       |       |   113 ||   113
 Cast: Pain              |    36 |    92 |    94 |    23 ||   245
       Vampiric Draining |    15 |    31 |   117 |   107 ||   270
       Control Undead    |       |     1 |     6 |     1 ||     8
       Agony             |       |       |       |     3 ||     3
Evoke: Wand              |       |     1 |     6 |     2 ||     9
  Use: Scroll            |       |    19 |    14 |     7 ||    40
       Potion            |       |       |     5 |     4 ||     9
 Stab: Sleeping          |       |     1 |       |     1 ||     2
  Eat: Chunk             |     5 |    12 |    12 |     5 ||    34
       Pizza             |       |       |     5 |     2 ||     7
       Fruit             |       |       |     5 |     5 ||    10
       Royal jelly       |       |       |     2 |       ||     2
